 Dungeon Crawl Stone Soup version 0.31-a0-263-ge8cad7f256 (webtiles) character file.

Game seed: 10092717023739125247

1222 qw the Skirmisher (level 8, -3/49 HPs)
             Began as a Gargoyle Hexslinger on July 13, 2023.
             Was a Follower of Okawaru.
             Slain by Joseph
             ... wielding a +0 quarterstaff
              (11 damage)
             ... on level 7 of the Dungeon.
             The game lasted 00:02:30 (5832 turns).

qw the Skirmisher (Gargoyle Hexslinger)             Turns: 5832, Time: 00:02:31

Health: -3/49      AC: 20    Str: 12    XL:     8   Next: 47%
Magic:  7/10       EV: 13    Int: 14    God:    Okawaru [*.....]
Gold:   98         SH:  0    Dex: 14    Spells: 8/9 levels left

rFire   . . .        Y - +1 sling
rCold   . . .        (no shield)
rNeg    + . .        m - +4 ring mail {rPois}
rPois   inf          g - +0 helmet
rElec   +            (no cloak)
rCorr   +            k - +1 pair of gloves
SInv    +            (no boots)
Will    .....        h - amulet of regeneration
Stlth   ++           f - ring of see invisible
HPRegen 1.08/turn    o - ring of resist corrosion
MPRegen 0.12/turn

%: no passive effects
@: heroic
A: sickness immunity, AC +5, negative energy resistance 1, electricity
resistance, torment resistance 1, petrification resistance
a: Renounce Religion, Heroism


You were on level 7 of the Dungeon.
You worshipped Okawaru.
Okawaru was aware of your devotion.
You visited 2 branches of the dungeon, and saw 8 of its levels.

You collected 428 gold pieces.
You spent 330 gold pieces at shops.


Innate Abilities, Weirdness & Mutations

You are immune to sickness and miasma.
Your stone body is resilient. (AC +5)
You are immune to poison.
You resist negative energy. (rN+)
You are resistant to electric shocks. (rElec)
You are resistant to unholy torment.
You are immune to petrification.


   Skills:
 - Level 5.0(10.0) Fighting
 + Level 8.0(13.0) Ranged Weapons
 - Level 3.0(8.0) Armour
 - Level 1.5(6.5) Dodging
 - Level 1.0 Spellcasting
 - Level 2.6 Hexes
 + Level 2.7 Invocations


You had 8 spell levels left.
You knew the following spells:

 Your Spells              Type           Power      Damage    Failure   Level
a - Slow                  Hex            32%        N/A       17%         1

Your spell library contained the following spells:

 Spells                   Type           Power      Damage    Failure   Level
 Inner Flame              Hex/Fire       4%         N/A       65%         3
 Portal Projectile        Hex/Tloc       8%         N/A       65%         3
 Cause Fear               Hex            4%         N/A       86%         4

Inventory:

Hand Weapons
 Y - a +1 sling (weapon)
Armour
 g - a +0 helmet (worn)
 k - a +1 pair of gloves (worn)
 m - a +4 ring mail of poison resistance (worn)
Jewellery
 f - a ring of see invisible (left hand)
 h - an amulet of regeneration (around neck)
 o - a ring of resist corrosion (right hand)
Scrolls
 a - a scroll of enchant weapon {unknown}
 c - a scroll of identify
Potions
 b - a potion of mutation
 d - a potion of cancellation

Dungeon Overview and Level Annotations

Branches:
Dungeon (7/15)             Temple (1/1) D:5

Altars:
Cheibriados
Dithmenos
Elyvilon
Fedhas
Gozag
Hepliaklqana
Kikubaaqudgha
Makhleb
Nemelex Xobeh
Okawaru
Qazlal
Ru
Sif Muna
Trog
Uskayaw
Vehumet
Wu Jian
Xom
Yredelemnul

Shops:
D:6 *

Portals:
Bailey: D:7

Annotations:
D:7 Joseph


Message History

You shoot a sling bullet. The sling bullet barely misses Joseph.
Joseph hits you with a +0 quarterstaff. The wight closely misses you.
You shoot a sling bullet. The sling bullet barely misses Joseph.
Joseph hits you with a +0 quarterstaff.
You shoot a sling bullet. The sling bullet hits Joseph.
Joseph is moderately wounded.
You feel like a meek peon again. The wight hits you but does no damage.
Joseph hits you with a +0 quarterstaff.
5823 ||| INVOKING Heroism.
You gain the combat prowess of a mighty hero.
The wight closely misses you. Joseph hits you with a +0 quarterstaff.
You shoot a sling bullet. The sling bullet hits Joseph.
Joseph is moderately wounded.
The wight hits you but does no damage. Joseph hits you with a +0 quarterstaff!
You shoot a sling bullet.
The sling bullet completely misses Joseph.
The wight hits you from afar with a +0 spear.
Joseph barely misses you.
You shoot a sling bullet. The sling bullet hits Joseph.
Joseph is moderately wounded.
The wight hits you but does no damage.
You shoot a sling bullet.
The sling bullet hits Joseph but does no damage.
Joseph is moderately wounded.
Joseph closely misses you. The wight barely misses you.
You shoot a sling bullet. The sling bullet barely misses Joseph.
Joseph hits you but does no damage.
You shoot a sling bullet.
The sling bullet hits Joseph but does no damage.
Joseph is moderately wounded.
The wight hits you but does no damage. Joseph hits you but does no damage.
You shoot a sling bullet. The sling bullet hits Joseph.
Joseph is moderately wounded.
The wight hits you but does no damage. Joseph hits you with a +0 quarterstaff!
You shoot a sling bullet. The sling bullet barely misses Joseph.
The wight closely misses you.
You shoot a sling bullet. The sling bullet hits Joseph.
Joseph is heavily wounded.
Joseph hits you with a +0 quarterstaff!
You die...

# #. #.#. #.#.###
.....## ..... ..#
# z..#
#.####.##)@#
#.#......@.#
#.#.#####..# \ .
..# #.#.#
#..###...)
.##.####...#
#.........
...........#
#)########
....####...#####.#
#..##..(..?.....#
##.....#####..##.#
.?.....# #.....#


You could see Joseph and a wight.

Vanquished Creatures
  A sky beast (D:6)
  A bullfrog (D:6)
  4 scorpions
  2 wights (D:7)
  A howler monkey (D:4)
  2 hounds
  3 jellies
  2 orc priests
  6 iguanas
  2 orc wizards (D:6)
  A sleepcap (D:6)
  Robin (D:4)
  11 adders
  A shadow imp (D:6)
  An ufetubus (D:4)
  2 worms (D:2)
  16 orcs
  9 bats
  5 endoplasms
  5 giant cockroaches
  19 goblins
  5 hobgoblins
  6 jackals (D:4)
  9 kobolds
  2 quokkas (D:1)
  12 ball pythons
  A frilled lizard (D:1)
  4 rats
134 creatures vanquished.

Vanquished Creatures (others)
  A goblin (D:4)
1 creature vanquished.

Grand Total: 135 creatures vanquished

Notes
Turn   | Place    | Note
-------+----------+-------------------------------------------
     0 | D:1      | qw the Gargoyle Hexslinger began the quest for the Orb.
     0 | D:1      | Reached XP level 1. HP: 12/12 MP: 2/2
     0 | D:1      | 0 ||| qw: Version: 0.3-a-52-g30416fa
     0 | D:1      | 0 ||| qw: Game counter: 7158
     0 | D:1      | 0 ||| qw: Melee chars always use a shield: true
     0 | D:1      | 0 ||| qw: God list: Okawaru
     0 | D:1      | 0 ||| qw: Allow faded altars: false
     0 | D:1      | 0 ||| qw: Do Orc after clearing Dungeon:15 true
     0 | D:1      | 0 ||| qw: Do second Lair branch before Depths: true
     0 | D:1      | 0 ||| qw: Lair rune preference: random
     0 | D:1      | 0 ||| qw: Goals: Normal
     0 | D:1      | 0 ||| PLANNING D:1-11
   110 | D:1      | Reached XP level 2. HP: 14/16 MP: 3/3
   169 | D:1      | You fall into a shaft and drop 1 floor!
   183 | D:2      | 183 ||| READING 3 scrolls labelled KASOJU HAENUI.
   184 | D:2      | 184 ||| DROPPING 2 scrolls of noise.
   185 | D:2      | 185 ||| DROPPING scroll of poison.
   192 | D:2      | 192 ||| FLEEEEING.
   193 | D:2      | 193 ||| FLEEEEING.
   195 | D:2      | 195 ||| STAIRDANCE
   215 | D:1      | Reached skill level 3 in Ranged Weapons
   796 | D:1      | Reached XP level 3. HP: 21/21 MP: 4/4
   972 | D:1      | 972 ||| UPGRADING to +0 ring mail.
   982 | D:1      | 982 ||| DROPPING +0 robe.
   983 | D:1      | 983 ||| READING scroll labelled ZOAPOITEPS.
   984 | D:1      | 984 ||| READING scroll labelled MUEDIRU JIAJEOM.
  1800 | D:2      | Reached XP level 4. HP: 26/26 MP: 5/5
  2040 | D:2      | Reached skill level 4 in Ranged Weapons
  2195 | D:2      | 2195 ||| UPGRADING to ring of see invisible.
  2196 | D:2      | 2196 ||| READING scroll labelled GAPUYCV TUBBI.
  2197 | D:2      | 2197 ||| READING scroll labelled EMONAT WAMNIUW.
  2198 | D:2      | 2198 ||| READING scroll labelled LOHER XETAOTIF.
  2418 | D:3      | Reached skill level 1 in Armour
  2909 | D:3      | Reached XP level 5. HP: 30/30 MP: 6/6
  3202 | D:3      | 3202 ||| UPGRADING to amulet of regeneration.
  3207 | D:3      | 3207 ||| READING scroll labelled REIWUMNIMIPE.
  3210 | D:3      | 3210 ||| READING scroll labelled MIRIPU PUMOAN.
  3211 | D:3      | 3211 ||| READING scroll labelled KAGU KUETOHE.
  3212 | D:3      | 3212 ||| READING 2 scrolls of identify.
  3212 | D:3      | 3212 ||| IDENTIFYING black potion
  3231 | D:4      | Reached skill level 5 in Ranged Weapons
  3240 | D:4      | 3240 ||| STAIRDANCE
  3369 | D:4      | Reached skill level 3 in Fighting
  3373 | D:4      | Noticed Robin
  3393 | D:4      | Killed Robin
  3398 | D:4      | Reached XP level 6. HP: 21/37 MP: 7/7
  3613 | D:4      | Reached skill level 6 in Ranged Weapons
  3654 | D:4      | HP: 8/37 [frozen (5)]
  3659 | D:4      | HP: 5/37 [frozen (3)]
  3834 | D:4      | 3834 ||| UPGRADING to +0 helmet.
  3839 | D:4      | 3839 ||| DRINKING 2 lumpy emerald potions.
  3852 | D:5      | Entered Level 5 of the Dungeon
  4080 | D:5      | Reached XP level 7. HP: 43/43 MP: 8/8
  4086 | D:5      | Found a stormy altar of Qazlal.
  4257 | D:5      | Found a staircase to the Ecumenical Temple.
  4258 | D:5      | 4258 ||| PLANNING TEMPLE
  4292 | D:5      | 4292 ||| UPGRADING to +0 pair of gloves.
  4303 | Temple   | Entered the Ecumenical Temple
  4346 | Temple   | 4346 ||| PLANNING OKAWARU WORSHIP
  4579 | Temple   | Became a worshipper of Warmaster Okawaru
  4580 | Temple   | 4580 ||| PLANNING D:1-11
  4770 | D:5      | 4770 ||| READING scroll of enchant armour.
  4770 | D:5      | 4770 ||| ENCHANTING +0 pair of gloves.
  5181 | D:6      | Found Emukh's General Store.
  5202 | D:6      | Reached skill level 7 in Ranged Weapons
  5209 | D:6      | 5209 ||| BUYING +4 ring mail of poison resistance (308
                  | gold).
  5209 | D:6      | Bought a +4 ring mail of poison resistance for 308 gold
                  | pieces
  5209 | D:6      | 5209 ||| SHOPLISTING amulet of faith (440 gold, have 55).
  5209 | D:6      | 5209 ||| SHOPLISTING ring of see invisible (165 gold, have
                  | 55).
  5209 | D:6      | 5209 ||| BUYING scroll of identify (22 gold).
  5209 | D:6      | Bought a scroll of identify for 22 gold pieces
  5255 | D:6      | Reached skill level 3 in Armour
  5305 | D:6      | 5305 ||| FLEEEEING.
  5315 | D:6      | 5315 ||| DRINKING potion of curing.
  5315 | D:6      | 5315 ||| (to cure confusion)
  5333 | D:6      | Reached * piety under Okawaru
  5334 | D:6      | 5334 ||| INVOKING Heroism.
  5342 | D:6      | HP: 9/43 [orc/+0 hand axe (4)]
  5343 | D:6      | 5343 ||| READING 2 scrolls of teleportation.
  5347 | D:6      | 5347 ||| READING scroll of teleportation.
  5352 | D:6      | Reached XP level 8. HP: 17/48 MP: 9/9
  5405 | D:6      | Reached skill level 8 in Ranged Weapons
  5487 | D:6      | Identified the +2 great sword of Conservatism {drain, rPois
                  | Will+ Int+3}
  5600 | D:6      | Reached skill level 1 in Invocations
  5718 | D:6      | 5718 ||| UPGRADING to +3 leather armour.
  5728 | D:6      | 5728 ||| DROPPING +0 ring mail.
  5729 | D:6      | 5729 ||| UPGRADING to +4 ring mail of poison resistance.
  5739 | D:6      | 5739 ||| DROPPING +3 leather armour.
  5740 | D:6      | 5740 ||| UPGRADING to ring of resist corrosion.
  5741 | D:6      | 5741 ||| READING scroll labelled SUISKECW IV LOU.
  5742 | D:6      | 5742 ||| READING 5 scrolls of identify.
  5742 | D:6      | 5742 ||| IDENTIFYING bubbling sapphire potion
  5743 | D:6      | 5743 ||| READING 4 scrolls of identify.
  5743 | D:6      | 5743 ||| IDENTIFYING emerald potion
  5744 | D:6      | 5744 ||| READING 3 scrolls of identify.
  5744 | D:6      | 5744 ||| IDENTIFYING sapphire potion
  5745 | D:6      | 5745 ||| READING 2 scrolls of identify.
  5745 | D:6      | 5745 ||| IDENTIFYING murky yellow potion
  5746 | D:6      | 5746 ||| DROPPING potion of attraction.
  5747 | D:6      | 5747 ||| DROPPING potion of degeneration.
  5800 | D:7      | Found a flagged portal.
  5804 | D:7      | Noticed Joseph
  5810 | D:7      | 5810 ||| INVOKING Heroism.
  5816 | D:7      | HP: 12/49 [Joseph/+0 quarterstaff (7)]
  5817 | D:7      | 5817 ||| DRINKING potion of heal wounds.
  5823 | D:7      | 5823 ||| INVOKING Heroism.
  5830 | D:7      | HP: 6/49 [Joseph/+0 quarterstaff (12)]
  5832 | D:7      | Slain by Joseph

Levels and vault maps discovered:
D:1:      tarquinn_simple_flora_water_b, layout_basic, serial_corexii_hall,
          chequers_hall_statues_corner_a, corexii_hall_statues_x,
          corexii_hall_statues_i, corexii_hall_statues_l
D:2:      layout_basic, minmay_3d_cube
D:3:      layout_basic
D:4:      minmay_bubble_buster, layout_cave_pools, uniq_robin
D:5:      layout_basic, mainiacjoe_overflow_24_doors,
          minmay_temple_entry_proselytizer
D:6:      layout_gridville, serial_shops, shop
D:7:      layout_loops_ring, enter_bailey_2, uniq_joseph
Temple:   hc_temple_tempest_star

Skill      XL: |  1  2  3  4  5  6  7  8 |
---------------+-------------------------+-----
Ranged Weapons | 3 4 5 6 7 8 |  8.0
Fighting       | 2 3 4 5 |  5.0
Armour         | 1 3 |  3.0
Invocations    | 2 |  2.7
Dodging        | |  1.5
Spellcasting   | |  1.0
Hexes          | |  2.6

Action                     |  1- 3 |  4- 6 |  7- 9 || total
---------------------------+-------+-------+-------++-------
   Fire: Sling             |   116 |   308 |   238 ||   662
 Invoke: Heroism           |       |       |     3 ||     3
    Use: Scroll            |     3 |     7 |     8 ||    18
         Potion            |       |     1 |     2 ||     3
 Armour: Robe              |    10 |       |       ||    10
         Ring mail         |    17 |   198 |   115 ||   330
  Dodge: Dodged            |    41 |   236 |   116 ||   393

Table legend:
 A = Non-vault XP
 B = Vault XP
 C = Vault XP percentage of total XP
 D = Non-vault monster count
 E = Vault monster count
 F = Vault count percentage of total count
                 A         B        C        D         E       F
            +---------+---------+-------+---------+---------+-------
      Total |    1533 |     213 |  12.2 |     107 |      27 |  20.1
            +---------+---------+-------+---------+---------+-------
        D:1 |      34 |       0 |   0.0 |      21 |       0 |   0.0
        D:2 |      59 |      16 |  21.3 |      17 |       3 |  15.0
        D:3 |      62 |       0 |   0.0 |      15 |       0 |   0.0
        D:4 |     227 |     156 |  40.7 |      19 |      23 |  54.8
        D:5 |     122 |      41 |  25.2 |      11 |       1 |   8.3
        D:6 |     887 |       0 |   0.0 |      22 |       0 |   0.0
        D:7 |     142 |       0 |   0.0 |       2 |       0 |   0.0
            +---------+---------+-------+---------+---------+-------
